 Dungeon Crawl Stone Soup version 0.31-a0-1178-gc5c9b8f871 (webtiles) character file.

Game seed: 16285175994127926025

789 qw the Shooter (level 7, -6/43 HPs)
             Began as a Gargoyle Hunter on Dec 11, 2023.
             Engulfed by a steam dragon's steam (19 damage)
             ... on level 6 of the Dungeon.
             The game lasted 00:01:30 (4635 turns).

qw the Shooter (Gargoyle Hunter)                    Turns: 4635, Time: 00:01:30

Health: -6/43      AC: 11    Str: 15    XL:     7   Next: 87%
Magic:  7/7        EV: 11    Int:  9    God:
Gold:   248        SH:  0    Dex: 15    Spells: 6/6 levels left

rFire   . . .        f - +0 arbalest
rCold   . . .        (shield currently unavailable)
rNeg    + . .        b - +0 ring mail
rPois   inf          (no helmet)
rElec   +            e - +0 cloak
rCorr   .            (no gloves)
SInv    .            (no boots)
Will    .....        (no amulet)
Stlth   +            (no ring)
HPRegen 0.27/turn    (no ring)
MPRegen 0.10/turn

%: no passive effects
@: no status effects
A: sickness immunity, AC +4, negative energy resistance 1, electricity
resistance, torment resistance 1, petrification resistance
a: no special abilities


You were on level 6 of the Dungeon.
You visited 1 branch of the dungeon, and saw 6 of its levels.

You collected 248 gold pieces.


Innate Abilities, Weirdness & Mutations

You are immune to sickness and miasma.
Your stone body is resilient. (AC +4)
You are immune to poison.
You resist negative energy. (rN+)
You are resistant to electric shocks. (rElec)
You are resistant to unholy torment.
You are immune to petrification.


   Skills:
 - Level 4.2 Fighting
 + Level 7.5 Ranged Weapons
 - Level 3.7 Armour
 - Level 2.7 Dodging
 - Level 1.1 Stealth


You had 6 spell levels left.
You didn't know any spells.
Your spell library was empty.

Inventory:

Hand Weapons
 f - a +0 arbalest (weapon)
Armour
 b - a +0 ring mail (worn)
 e - a +0 cloak (worn)
Wands
 g - a wand of flame (15)
 h - a wand of charming (11)
Potions
 d - a potion of resistance
 i - a potion of might

Dungeon Overview and Level Annotations

Branches:
Dungeon (6/15)             Temple (0/1) D:6

Altars:
Cheibriados
Kikubaaqudgha
Sif Muna
Uskayaw
Vehumet
Wu Jian

Shops:
D:6 =

Annotations:
D:2 1 runed translucent door, Crazy Yiuf


Message History

You shoot a bolt. The hound barks!
The bolt hits the hound!
The hound is almost dead.
The centaur shoots an arrow.
The arrow closely misses you.
The centaur shoots an arrow.
The arrow hits you.
You shoot a bolt. The bolt hits the hound!!
You kill the hound!
The centaur shoots an arrow.
The arrow barely misses you.
The centaur shoots an arrow.
The arrow hits you.
A steam dragon comes into view.
The steam dragon hisses angrily.
You shoot a bolt. The bolt barely misses the centaur.
The centaur shoots an arrow.
The arrow hits you!
You shoot a bolt. The bolt barely misses the centaur.
The bolt hits the steam dragon!
The steam dragon is moderately wounded.
The centaur shoots an arrow.
The arrow closely misses you.
The centaur shoots an arrow.
The arrow hits you.
You shoot a bolt.
The bolt barely misses the steam dragon.
The centaur shoots an arrow.
The arrow hits you!
The centaur shoots an arrow.
The arrow closely misses you. The steam dragon breathes steam at you.
The ball of steam hits you.
The centaur shoots an arrow.
The arrow misses you.
You shoot a bolt. The bolt hits the centaur.
The centaur is moderately wounded.
You are engulfed in a cloud of scalding steam.
The centaur shoots an arrow.
The arrow hits you but does no damage.
The centaur shoots an arrow.
The arrow hits you but does no damage.
You shoot a bolt. The bolt hits the steam dragon!
The steam dragon is heavily wounded.
The centaur shoots an arrow.
The arrow barely misses you.
The steam dragon bites you but does no damage.
The steam dragon claws you but does no damage.
The centaur shoots an arrow.
The arrow barely misses you.
You shoot a bolt.
The bolt closely misses the steam dragon.
You are engulfed in a cloud of scalding steam.
You die...

#........#
#........#
##......##
##......##
#........#
#........###
#...........
#.¤¤.....##
##..@..#..#
#.D...#..
.......##
.(....c...
...#...#...
.....###..>.
..... .....
##.. ......


You could see a steam dragon and a centaur.

Vanquished Creatures
  Eustachio (D:4)
  Menkaure (D:5)
  An ice beast (D:5)
  3 scorpions (D:5)
  3 hounds
  A jelly (D:5)
  A hound zombie (D:3)
  4 adders
  An adder zombie (D:3)
  2 adder skeletons (D:3)
  3 worms (D:3)
  4 dart slugs
  2 orcs
  2 ball pythons
  5 endoplasms
  3 giant cockroaches (D:2)
  4 hobgoblins
  5 jackals
  6 kobolds
  5 quokkas
  2 ball python skeletons (D:3)
  3 bats
  A frilled lizard (D:3)
  9 goblins
  A quokka zombie (D:3)
  5 rats
78 creatures vanquished.

Notes
Turn   | Place    | Note
-------+----------+-------------------------------------------
     0 | D:1      | qw the Gargoyle Hunter began the quest for the Orb.
     0 | D:1      | Reached XP level 1. HP: 12/12 MP: 1/1
     0 | D:1      | 0 ||| qw: Version: 0.3-a-106-g2cfff9e
     0 | D:1      | 0 ||| qw: Game counter: 1962
     0 | D:1      | 0 ||| qw: Melee chars always use a shield: true
     0 | D:1      | 0 ||| qw: God list: Okawaru
     0 | D:1      | 0 ||| qw: Allow faded altars: false
     0 | D:1      | 0 ||| qw: Do Orc after clearing Dungeon:15 true
     0 | D:1      | 0 ||| qw: Do second Lair branch before Depths: true
     0 | D:1      | 0 ||| qw: Lair rune preference: random
     0 | D:1      | 0 ||| qw: Goals: Normal, Save, Zot:1-4, Win
     0 | D:1      | 0 ||| PLANNING D:1-11
   203 | D:1      | Reached XP level 2. HP: 10/17 MP: 2/2
   761 | D:1      | 761 ||| READING scroll labelled NECYDA TUYMM.
   862 | D:1      | 862 ||| READING scroll labelled JOIRERPH RAEJ.
   874 | D:1      | 874 ||| READING scroll labelled TIRILOMOSS.
   875 | D:1      | 875 ||| DROPPING scroll of butterflies.
   973 | D:2      | Reached XP level 3. HP: 20/21 MP: 3/3
  1006 | D:2      | Found a radiant altar of Vehumet.
  1174 | D:2      | Reached skill level 5 in Ranged Weapons
  1288 | D:2      | Found a runed translucent door.
  1289 | D:2      | Noticed Crazy Yiuf
  1916 | D:2      | Reached skill level 3 in Fighting
  1928 | D:2      | 1928 ||| UPGRADING to +0 cloak.
  1933 | D:2      | 1933 ||| READING scroll labelled IMENOMA HUSEAQ.
  2061 | D:3      | Reached XP level 4. HP: 28/28 MP: 4/4
  2862 | D:3      | 2862 ||| READING scroll labelled FUWNOR VI DAPN.
  2862 | D:3      | 2862 ||| IDENTIFYING white potion
  2863 | D:3      | 2863 ||| READING scroll labelled MEUMOY QODAUD.
  2864 | D:3      | 2864 ||| READING scroll labelled KIAHAEFOKO.
  2865 | D:3      | 2865 ||| DRINKING 2 metallic silvery potions.
  2866 | D:3      | 2866 ||| DROPPING potion of invisibility.
  2982 | D:4      | Found an ancient bone altar of Kikubaaqudgha.
  3050 | D:4      | Reached XP level 5. HP: 32/32 MP: 5/5
  3345 | D:4      | Reached skill level 6 in Ranged Weapons
  3523 | D:4      | 3523 ||| READING scroll of identify.
  3523 | D:4      | 3523 ||| IDENTIFYING viscous coppery potion
  3524 | D:4      | 3524 ||| READING scroll labelled VEUVVUNOSI.
  3644 | D:5      | Entered Level 5 of the Dungeon
  3644 | D:5      | Noticed Eustachio
  3644 | D:5      | Found a hide-covered altar of Uskayaw.
  3659 | D:5      | 3659 ||| STAIRDANCE
  3711 | D:5      | 3711 ||| STAIRDANCE
  3727 | D:4      | 3727 ||| Stepping ~*~*~tactically~*~*~ (retreating).
  3728 | D:4      | 3728 ||| Stepping ~*~*~tactically~*~*~ (retreating).
  3736 | D:4      | HP: 8/32 [Eustachio/+0 rapier (5)]
  3737 | D:4      | 3737 ||| DRINKING potion of heal wounds.
  3738 | D:4      | Killed Eustachio
  3739 | D:4      | Reached skill level 3 in Armour
  3739 | D:4      | Reached XP level 6. HP: 27/37 MP: 6/6
  3988 | D:5      | 3988 ||| SWAPPING to +0 arbalest.
  3990 | D:5      | Reached XP level 7. HP: 43/43 MP: 7/7
  3990 | D:5      | 3990 ||| DROPPING +0 shortbow.
  4010 | D:5      | Found a snail-covered altar of Cheibriados.
  4140 | D:5      | Reached skill level 7 in Ranged Weapons
  4156 | D:5      | Noticed Menkaure
  4161 | D:5      | Killed Menkaure
  4559 | D:5      | Found a shimmering blue altar of Sif Muna.
  4559 | D:5      | Found an ornate altar of the Wu Jian Council.
  4562 | D:5      | 4562 ||| UPGRADING to +0 ring mail.
  4572 | D:5      | 4572 ||| DROPPING +0 leather armour.
  4573 | D:5      | 4573 ||| READING scroll of identify.
  4573 | D:5      | 4573 ||| IDENTIFYING coppery potion
  4574 | D:5      | 4574 ||| DROPPING potion of degeneration.
  4595 | D:6      | Found Kodoawna's Jewellery Shoppe.
  4601 | D:6      | 4601 ||| SHOPLISTING +4 ring of protection (468 gold, have
                  | 229).
  4601 | D:6      | 4601 ||| SHOPLISTING +4 ring of slaying (1014 gold, have
                  | 229).
  4601 | D:6      | 4601 ||| SHOPLISTING +5 ring of evasion (468 gold, have
                  | 229).
  4601 | D:6      | 4601 ||| SHOPLISTING +6 ring of strength (468 gold, have
                  | 229).
  4601 | D:6      | 4601 ||| SHOPLISTING amulet of reflection (390 gold, have
                  | 229).
  4624 | D:6      | Found a staircase to the Ecumenical Temple.
  4625 | D:6      | 4625 ||| PLANNING TEMPLE
  4625 | D:6      | 4625 ||| READING scroll of identify.
  4625 | D:6      | 4625 ||| IDENTIFYING orange potion
  4629 | D:6      | Noticed a steam dragon
  4635 | D:6      | Engulfed by a steam dragon's steam

Levels and vault maps discovered:
D:1:      dpeg_arrival_tiny_h, layout_basic
D:2:      layout_basic, basic_altar, uniq_crazy_yiuf_cottage
D:3:      layout_loops_corners, serial_undead, serial_undead_a, serial_undead_b,
          serial_undead_e, serial_undead_e
D:4:      layout_cave_pods, overflow_temple_1_default
D:5:      layout_basic, nicolae_uskayaw_dance_hall,
          gammafunk_temple_overflow_elements, mainiacjoe_overflow_brackets,
          uniq_eustachio, uniq_menkaure
D:6:      layout_gridville, minmay_temple_entry_tees, corexii_leaking_fountain,
          minmay_shop_enchanted_jewellery, nrook_loot_triangle

Skill      XL: |  1  2  3  4  5  6  7 |
---------------+----------------------+-----
Ranged Weapons | 5 6 7 |  7.5
Fighting       | 3 4 |  4.2
Armour         | 3 |  3.7
Dodging        | 2 |  2.7
Stealth        | |  1.1

Action                     |  1- 3 |  4- 6 |  7- 9 || total
---------------------------+-------+-------+-------++-------
   Fire: Shortbow          |   128 |   194 |       ||   322
         Arbalest          |       |     1 |    26 ||    27
    Use: Scroll            |     4 |     5 |     2 ||    11
         Potion            |       |     2 |       ||     2
 Armour: Leather armour    |    39 |   114 |     2 ||   155
         Ring mail         |       |       |    12 ||    12
  Dodge: Dodged            |    58 |   143 |     9 ||   210

Table legend:
 A = Non-vault XP
 B = Vault XP
 C = Vault XP percentage of total XP
 D = Non-vault monster count
 E = Vault monster count
 F = Vault count percentage of total count
                 A         B        C        D         E       F
            +---------+---------+-------+---------+---------+-------
      Total |     719 |     409 |  36.3 |      69 |       9 |  11.5
            +---------+---------+-------+---------+---------+-------
        D:1 |      26 |       0 |   0.0 |      14 |       0 |   0.0
        D:2 |      45 |       0 |   0.0 |      20 |       0 |   0.0
        D:3 |      49 |      40 |  44.9 |      20 |       7 |  25.9
        D:4 |      37 |     197 |  84.2 |       6 |       1 |  14.3
        D:5 |     520 |     172 |  24.9 |       8 |       1 |  11.1
        D:6 |      42 |       0 |   0.0 |       1 |       0 |   0.0
            +---------+---------+-------+---------+---------+-------
